 Dungeon Crawl Stone Soup version 0.24.0-123-gd5b16e6ec5 (webtiles) character file.

Game seed: 2489560433420891495, levelgen mode: deterministic

420 seehj the Charmwright (level 6, -2/51 HPs)
             Began as a Gnoll Skald on Feb 3, 2020.
             Was an Initiate of Kikubaaqudgha.
             Slain by a slave (5 damage)
             ... led by Pikel
             ... on level 4 of the Dungeon.
             The game lasted 00:51:15 (5822 turns).

seehj the Charmwright (Gnoll Skald)                 Turns: 5822, Time: 00:51:16

Health: -2/51      AC:  3    Str: 20    XL:     6   Next: 94%
Magic:  10/14      EV: 14    Int: 15    God:    Kikubaaqudgha [......]
Gold:   284        SH:  0    Dex: 15    Spells: 14/15 levels left

rFire    . . .     SeeInvis .   a - +0 falchion
rCold    . . .     Gourm    .   (no shield)
rNeg     . . .     Faith    .   b - +0 leather armour
rPois    .         Spirit   .   (no helmet)
rElec    .         Reflect  .   o - scarf {cloud immunity}
rCorr    .         Harm     .   (no gloves)
MR       .....                  (no boots)
Stlth    +++.......             (no amulet)
HPRegen  0.17/turn              f - ring of stealth
MPRegen  0.14/turn              n - +5 ring of strength

@: about to teleport, infused
A: distributed training, fangs 1, strong nose
a: Renounce Religion


You were on level 4 of the Dungeon.
You worshipped Kikubaaqudgha.
Kikubaaqudgha was noncommittal.
You were not hungry.

You visited 1 branch of the dungeon, and saw 5 of its levels.

You collected 284 gold pieces.

Inventory:

Hand Weapons
 a - a +0 falchion (weapon)
 d - a +0 dagger
 l - a +0 hunting sling
 v - a +0 falchion
Missiles
 e - 3 silver boomerangs (quivered)
 x - 85 stones
Armour
 b - a +0 leather armour (worn)
 o - a scarf of cloud immunity (worn)
Jewellery
 f - a ring of stealth (left hand)
 n - a +5 ring of strength (right hand)
 s - an uncursed ring of protection from fire
Scrolls
 h - 5 scrolls of remove curse
 k - a scroll of enchant weapon {unknown}
 m - a scroll of magic mapping {unknown}
 r - a scroll of random uselessness {unknown}
 t - 2 scrolls of identify {unknown}
 y - 4 scrolls of teleportation
 z - a scroll of amnesia {unknown}
Potions
 c - a potion of curing {unknown}
 g - a potion of agility {unknown}
 j - 2 potions of might {unknown}
 p - a potion of flight {unknown}
 q - 2 potions of lignification {unknown}
 u - a potion of resistance {unknown}
 w - a potion of heal wounds {unknown}
Comestibles
 i - 6 rations


   Skills:
 + Level 5.0 Fighting
 + Level 2.1 Short Blades
 + Level 5.0 Long Blades
 + Level 2.1 Axes
 + Level 2.1 Maces & Flails
 + Level 2.1 Polearms
 + Level 2.1 Staves
 + Level 2.1 Slings
 + Level 2.1 Bows
 + Level 2.1 Crossbows
 + Level 2.1 Throwing
 + Level 3.3 Armour
 + Level 5.0 Dodging
 + Level 2.1 Stealth
 + Level 2.1 Shields
 + Level 2.1 Unarmed Combat
 + Level 5.4 Spellcasting
 + Level 1.7 Conjurations
 + Level 1.7 Hexes
 + Level 5.7 Charms
 + Level 1.7 Summonings
 + Level 1.7 Necromancy
 + Level 1.7 Translocations
 + Level 1.7 Transmutations
 + Level 1.7 Fire Magic
 + Level 1.7 Ice Magic
 + Level 1.7 Air Magic
 + Level 1.7 Earth Magic
 + Level 1.7 Poison Magic
 + Level 2.3 Invocations
 + Level 2.1 Evocations


You had 14 spell levels left.
You knew the following spells:

 Your Spells              Type           Power        Failure   Level  Hunger
a - Infusion              Chrm           ###.         1%          1    None

Your spell library contained the following spells:

 Spells                   Type           Power        Failure   Level  Hunger
 Song of Slaying          Chrm           ###.....     2%          2    #......
 Shroud of Golubria       Chrm/Tloc      ###...       6%          2    #......
 Regeneration             Chrm/Necr      ###.......   12%         3    ###....
 Spectral Weapon          Hex/Chrm       ###.....     12%         3    ###....


Dungeon Overview and Level Annotations

Branches:
Dungeon (5/15)
 Temple: D:4-7

Altars:
Cheibriados
Dithmenos
Elyvilon
Kikubaaqudgha
Sif Muna
Vehumet

Annotations:
D:2 1 runed translucent door, Crazy Yiuf
D:3 1 runed translucent door, Descartes's ghost, amateur DEWz
D:4 exclusion: statue
D:5 Pikel


Innate Abilities, Weirdness & Mutations

Your experience applies equally to all skills.
You have very sharp teeth.
Your uncanny sense of smell can sniff out nearby items.


Message History

The slave hits you.
Unknown command.
You hit the slave.
The slave is severely wounded.
The slave hits you but does no damage. The slave closely misses you.
The slave hits you.
* * * LOW HITPOINT WARNING * * *
Unknown command.
You hit the slave!
The slave is almost dead.
The slave barely misses you. x2; The slave hits you.
* * * LOW HITPOINT WARNING * * *
Unknown command.
Okay, then.
As you read the scroll of teleportation, it crumbles to dust.
You feel strangely unstable. The slave hits you.
* * * LOW HITPOINT WARNING * * *
The slave hits you.
You die...
Kikubaaqudgha rasps: "You have failed me!
Welcome... death!"

....####.###.##.......##.# #..
..............#.......##[######..
.........<............#.......#..
............#..#.######.......#.)
...#........##.#.# #.......#.#
...#........##...# ##.######..
####........###..# #..# ##.
####......>.# #pp######..#######.
............# ##@p...............
#####.####### ######.#..##.####.
....#.# #.#..##.####. _.....#
#.#.......... .#.# #.#.###......
#####.# #.#.# #..#### ......#
#.#.# #...... ....### #.#.#
##.#### ##### #.#.# #.#


You could see 3 slaves.

Vanquished Creatures
  A scorpion (D:4)
  A hound (D:2)
  An orc priest (D:4)
  2 centaur skeletons (D:4)
  An orc wizard (D:4)
  2 worker ants (D:4)
  A hound skeleton (D:4)
  4 gnolls (D:2)
  4 adders
  An ooze (D:1)
  3 worms
  4 dart slugs
  3 leopard geckos
  9 orcs (D:4)
  3 ball pythons
  6 bats
  2 giant cockroaches (D:1)
  6 goblins
  6 hobgoblins
  3 jackals (D:2)
  5 kobolds
  4 frilled lizards
  3 rats
75 creatures vanquished.

Vanquished Creatures (others)
  A human (D:2)
  A frilled lizard (D:3)
2 creatures vanquished.

Grand Total: 77 creatures vanquished

Notes
Turn   | Place    | Note
-------+----------+-------------------------------------------
     0 | D:1      | seehj the Gnoll Skald began the quest for the Orb.
     0 | D:1      | Reached XP level 1. HP: 20/20 MP: 6/6
   129 | D:1      | Reached XP level 2. HP: 26/26 MP: 7/7
   661 | D:1      | Reached XP level 3. HP: 21/31 MP: 9/9
   843 | D:1      | Reached skill level 5 in Spellcasting
  1365 | D:1      | You fall into a shaft and drop 1 floor!
  1381 | D:2      | Reached skill level 1 in Invocations
  1515 | D:2      | Reached skill level 1 in Short Blades
  1515 | D:2      | Reached skill level 1 in Axes
  1515 | D:2      | Reached skill level 1 in Maces & Flails
  1515 | D:2      | Reached skill level 1 in Polearms
  1515 | D:2      | Reached skill level 1 in Staves
  1515 | D:2      | Reached skill level 1 in Slings
  1515 | D:2      | Reached skill level 1 in Bows
  1515 | D:2      | Reached skill level 1 in Crossbows
  1515 | D:2      | Reached skill level 1 in Throwing
  1515 | D:2      | Reached skill level 1 in Stealth
  1515 | D:2      | Reached skill level 1 in Shields
  1515 | D:2      | Reached skill level 1 in Unarmed Combat
  1515 | D:2      | Reached skill level 1 in Evocations
  1824 | D:2      | Reached XP level 4. HP: 36/38 MP: 11/11
  1843 | D:2      | Found an ancient bone altar of Kikubaaqudgha.
  1872 | D:2      | Noticed a human
  1873 | D:2      | Killed a human
  1879 | D:2      | Became a worshipper of Kikubaaqudgha
  2259 | D:2      | Reached skill level 1 in Conjurations
  2259 | D:2      | Reached skill level 1 in Hexes
  2259 | D:2      | Reached skill level 1 in Summonings
  2259 | D:2      | Reached skill level 1 in Necromancy
  2259 | D:2      | Reached skill level 1 in Translocations
  2259 | D:2      | Reached skill level 1 in Transmutations
  2259 | D:2      | Reached skill level 1 in Fire Magic
  2259 | D:2      | Reached skill level 1 in Ice Magic
  2259 | D:2      | Reached skill level 1 in Air Magic
  2259 | D:2      | Reached skill level 1 in Earth Magic
  2259 | D:2      | Reached skill level 1 in Poison Magic
  2501 | D:2      | Reached XP level 5. HP: 39/43 MP: 8/12
  2716 | D:2      | Found a runed translucent door.
  2717 | D:2      | Noticed Crazy Yiuf
  3049 | D:3      | Found a runed translucent door.
  3055 | D:3      | Noticed Descartes's ghost (amateur DEWz)
  3104 | D:3      | Found a white marble altar of Elyvilon.
  3917 | D:3      | Found a shimmering blue altar of Sif Muna.
  4331 | D:4      | Found a shadowy altar of Dithmenos.
  4332 | D:4      | Found a snail-covered altar of Cheibriados.
  4372 | D:4      | Reached XP level 6. HP: 19/50 MP: 13/13
  4836 | D:4      | Reached skill level 5 in Fighting
  4836 | D:4      | Reached skill level 5 in Long Blades
  4836 | D:4      | Reached skill level 5 in Dodging
  5180 | D:4      | Found a radiant altar of Vehumet.
  5786 | D:5      | Entered Level 5 of the Dungeon
  5790 | D:5      | Noticed Pikel
  5790 | D:5      | Noticed a slave
  5790 | D:5      | Noticed a slave
  5791 | D:5      | Noticed a slave
  5791 | D:5      | Noticed a slave
  5822 | D:4      | Slain by a slave

Levels and vault maps discovered:
D:1:      grunt_arrival_crossed_arrows, layout_loops_corners,
          kennysheep_flooded_box
D:2:      layout_rooms, first_ration, tgw_kikubaaqudgha, uniq_crazy_yiuf_cottage
D:3:      layout_basic, elyvilon_altar_4, ebering_ghost_sewer_d, led_sif_pool
D:4:      cheibrodos_pilgrimage, layout_basic, grunt_temple_overflow_open,
          vehumet_statue
D:5:      layout_loops_ring, lemuel_doored_altar,
          nicolae_overflow_hidden_temple, st_stairs_7, uniq_pikel

Skill      XL: |  1  2  3  4  5  6 |
---------------+-------------------+-----
Spellcasting   | 5 |  5.4
Invocations    | 1 2 |  2.3
Short Blades   | 1 2 |  2.1
Axes           | 1 2 |  2.1
Maces & Flails | 1 2 |  2.1
Polearms       | 1 2 |  2.1
Staves         | 1 2 |  2.1
Slings         | 1 2 |  2.1
Bows           | 1 2 |  2.1
Crossbows      | 1 2 |  2.1
Throwing       | 1 2 |  2.1
Stealth        | 1 2 |  2.1
Shields        | 1 2 |  2.1
Unarmed Combat | 1 2 |  2.1
Evocations     | 1 2 |  2.1
Conjurations   | 1 |  1.7
Hexes          | 1 |  1.7
Summonings     | 1 |  1.7
Necromancy     | 1 |  1.7
Translocations | 1 |  1.7
Transmutations | 1 |  1.7
Fire Magic     | 1 |  1.7
Ice Magic      | 1 |  1.7
Air Magic      | 1 |  1.7
Earth Magic    | 1 |  1.7
Poison Magic   | 1 |  1.7
Armour         | 3 |  3.3
Fighting       | 5 |  5.0
Long Blades    | 5 |  5.0
Dodging        | 5 |  5.0
Charms         | |  5.7

Action                   |  1- 3 |  4- 6 || total
-------------------------+-------+-------++-------
Melee: Falchion          |    87 |   148 ||   235
       Bite              |    14 |    27 ||    41
       Dagger            |     8 |       ||     8
Throw: Boomerang         |       |    26 ||    26
 Cast: Infusion          |     5 |     8 ||    13
  Use: Scroll            |     1 |     2 ||     3
 Stab: Sleeping          |     4 |     4 ||     8
  Eat: Chunk             |     3 |     9 ||    12
       Ration            |       |     1 ||     1
Armor: Leather armour    |    18 |    25 ||    43
Dodge: Dodged            |    64 |   116 ||   180
       Rpst.: Falchion   |    24 |    36 ||    60
